 Dungeon Crawl Stone Soup version 0.22.1-2-g9c5b331 (webtiles) character file.

968 Fang the Chopper (level 8, -3/49 HPs)
             Began as a Gargoyle Berserker on Nov 13, 2018.
             Was a Priest of Trog.
             Slain by an orc warrior
             ... wielding a +3 hand axe
              (6 damage)
             ... on level 6 of the Dungeon.
             The game lasted 00:08:37 (5165 turns).

Fang the Chopper (Gargoyle Berserker)               Turns: 5165, Time: 00:08:38

Health: -3/49      AC: 17    Str: 24    XL:     8   Next: 15%
Magic:  8/8        EV:  8    Int:  7    God:    Trog [***...]
Gold:   207        SH:  0    Dex:  9    Spells: 7/7 levels left

rFire    . . .     SeeInvis .   a - +0 hand axe
rCold    . . .     Gourm    .   (no shield)
rNeg     + . .     Faith    .   B - +0 plate armour
rPois    ∞         Spirit   .   (no helmet)
rElec    +         Reflect  .   (no cloak)
rCorr    .         Harm     .   (no gloves)
MR       .....                  (no boots)
Stlth    ..........             (no amulet)
HPRegen  0.16/turn              (no ring)
MPRegen  0.11/turn              (no ring)

@: berserk cooldown, slowed, very slow
A: negative energy resistance 1, electricity resistance, unbreathing,
petrification resistance, rot immunity, AC +5
a: Berserk, Trog's Hand, Renounce Religion


You were on level 6 of the Dungeon.
You worshipped Trog.
Trog was most pleased with you.
You were very hungry.

You visited 1 branch of the dungeon, and saw 6 of its levels.

You collected 207 gold pieces.

Inventory:

Hand Weapons
 a - a +0 hand axe (weapon)
Armour
 B - a +0 plate armour (worn)
Wands
 w - a wand of digging (15)
 z - a wand of enslavement (17)
Scrolls
 b - 2 scrolls of noise {unknown}
 f - a scroll of fog {unknown}
 h - 2 scrolls of magic mapping {unknown}
 n - 2 scrolls of enchant armour {unknown}
 q - 2 scrolls of teleportation {unknown}
 s - a scroll of remove curse {unknown}
 v - 4 scrolls of identify {unknown}
 x - a scroll of amnesia {unknown}
 y - a scroll of enchant weapon {unknown}
Potions
 d - a potion of might {unknown}
 g - 3 potions of haste {unknown}
 i - 2 potions of curing {unknown}
 j - 3 potions of heal wounds {unknown}
 k - 2 potions of magic {unknown}
 l - 4 potions of degeneration {unknown}
 m - a potion of flight {unknown}
 o - 2 potions of cancellation {unknown}
 p - a potion of berserk rage
 r - a potion of resistance {unknown}
 t - 2 potions of invisibility
 u - a potion of agility {unknown}
 A - 2 potions of lignification {unknown}
Comestibles
 c - 8 rations


   Skills:
 + Level 5.2 Fighting
 + Level 6.4 Axes
 + Level 4.8 Armour
 + Level 3.2 Dodging
 + Level 0.5 Stealth


You had 7 spell levels left.
You didn't know any spells.
Your spell library was empty.

Dungeon Overview and Level Annotations

Branches:
Dungeon (6/15)
 Temple: D:4-7

Altars:
Ashenzari
Dithmenos
Fedhas
Ru
Uskayaw
Xom


Innate Abilities, Weirdness & Mutations

You are resistant to torment.
Your stone body is resilient. (AC +5)
You are immune to poison.
You resist negative energy. (rN+)
You are resistant to electric shocks. (rElec)
You can survive without breathing.
You are immune to petrification.
You are immune to rotting.


Message History

The orc priest is severely wounded.
You closely miss the orc warrior.
You are no longer berserk.
You are exhausted.
You feel yourself slow down.
The orc warrior hits you but does no damage.
The orc priest hits you but does no damage.
You closely miss the orc priest.
The orc priest is severely wounded.
You hit the orc warrior but do no damage.
The orc warrior hits you with an enchanted hand axe!
* * * LOW HITPOINT WARNING * * *
The orc priest hits you but does no damage.
Unknown command.
You slash the orc priest!
You kill the orc priest!
Trog accepts your kill.
You hit the orc warrior but do no damage.
The orc warrior hits you with an enchanted hand axe.
You die...

#### ..# #.# ##.##
##.#.## #
#####.###.#######
#.#.##o...## ##.......
#.%.)@.###.###.######.
......#####...#...#
..#.# #......## #
#....<.######.
#.#..#........
.#####.).#..######.
..........#.# #.
#######.###.# #.
#################.#
#.# #.


You could see an orc warrior.

Vanquished Creatures
  Sigmund (D:6)
  An orc warrior (D:6)
  Blork the orc (D:5)
  A howler monkey (D:2)
  A bullfrog zombie (D:6)
  An orc priest (D:6)
  A jelly (D:6)
  2 centaur skeletons (D:4)
  3 hounds
  2 orc wizards
  An iguana (D:5)
  5 worker ants
  9 adders
  2 oozes
  2 adder skeletons
  A worm (D:2)
  A dart slug (D:1)
  3 leopard geckos
  10 orcs
  2 ball pythons (D:2)
  4 giant cockroaches
  8 goblins
  3 hobgoblins
  7 jackals
  9 kobolds
  4 quokkas
  3 bats
  4 frilled lizards
  A jackal skeleton (D:4)
  A jackal zombie (D:6)
  A quokka zombie (D:5)
  3 rats
98 creatures vanquished.

Notes
Turn   | Place    | Note
-------+----------+-------------------------------------------
     0 | D:1      | Fang the Gargoyle Berserker began the quest for the Orb.
     0 | D:1      | Reached XP level 1. HP: 14/14 MP: 1/1
   150 | D:1      | Reached XP level 2. HP: 19/19 MP: 2/2
   267 | D:1      | Reached skill level 3 in Axes
   863 | D:2      | Reached XP level 3. HP: 22/24 MP: 3/3
  1102 | D:2      | Reached ** piety under Trog
  1148 | D:2      | Reached XP level 4. HP: 27/29 MP: 4/4
  1663 | D:3      | You fall through a shaft!
  1678 | D:4      | Reached XP level 5. HP: 33/33 MP: 5/5
  1697 | D:4      | Reached skill level 4 in Axes
  2052 | D:4      | Reached XP level 6. HP: 34/38 MP: 6/6
  2460 | D:4      | Found the +7 lajatang of Order {silver, rMut}
  2674 | D:3      | Found a hide-covered altar of Uskayaw.
  2674 | D:3      | Found a shadowy altar of Dithmenos.
  2882 | D:3      | Found a shattered altar of Ashenzari.
  3356 | D:5      | Entered Level 5 of the Dungeon
  3455 | D:5      | Reached skill level 5 in Axes
  3584 | D:5      | Reached *** piety under Trog
  3592 | D:5      | Reached XP level 7. HP: 38/44 MP: 7/7
  3793 | D:5      | Found a shimmering altar of Xom.
  3823 | D:5      | Found a sacrificial altar of Ru.
  3840 | D:5      | Noticed Blork the orc
  3866 | D:5      | Killed Blork the orc
  3941 | D:5      | Reached skill level 5 in Fighting
  4351 | D:6      | Found a blossoming altar of Fedhas.
  4426 | D:6      | Noticed Sigmund
  4468 | D:6      | Killed Sigmund
  4790 | D:6      | Reached skill level 6 in Axes
  4790 | D:6      | Reached XP level 8. HP: 8/49 MP: 8/8
  5164 | D:6      | HP: 2/49 [orc warrior/enchanted hand axe (12)]
  5165 | D:6      | Slain by an orc warrior

Skill      XL: |  1  2  3  4  5  6  7 |
---------------+----------------------+-----
Axes           | 3 4 5 6 |  6.4
Armour         | 3 4 |  4.8
Fighting       | 4 5 |  5.2
Dodging        | 2 3 |  3.2
Stealth        | |  0.5

Action                   |  1- 3 |  4- 6 |  7- 9 || total
-------------------------+-------+-------+-------++-------
Melee: Hand axe          |   142 |   217 |   177 ||   536
Invok: Berserk           |       |     1 |     5 ||     6
  Eat: Chunk             |     1 |     7 |     4 ||    12
       Ration            |       |       |     2 ||     2
Armor: Ring mail         |    69 |   140 |    65 ||   274
       Plate armour      |       |       |    16 ||    16
Dodge: Dodged            |    90 |   148 |    82 ||   320
